 Dungeon Crawl Stone Soup version 0.30-a0-743-gbfdf073431 (webtiles) character file.

Game seed: 16833005278725707570

62 CrazyBamboolord the Trooper (level 4, -4/24 HPs)
             Began as a Vine Stalker Fighter on Feb 5, 2023.
             Killed by nerve-wracking pain
             ... invoked by Grinder
              (14 damage)
             ... on level 3 of the Dungeon.
             The game lasted 00:02:35 (1319 turns).

CrazyBamboolord the Trooper (Vine Stalker Fighter)  Turns: 1319, Time: 00:02:35

Health: -4/24      AC:  9    Str: 21    XL:     4   Next: 8%
Magic:  0/5        EV:  9    Int:  8    God:
Gold:   98         SH:  4    Dex: 13    Spells: 3/3 levels left

rFire   . . .      SeeInvis .    a - +0 war axe
rCold   . . .      Faith    .    c - +0 buckler
rNeg    . . .      Spirit   +    b - +0 scale mail
rPois   .          Reflect  .    o - +0 helmet
rElec   .          Harm     .    (no cloak)
rCorr   .          Rampage  .    k - +0 pair of gloves
Will    .....                    (no boots) Stlth
                                 (no amulet)
HPRegen 1.04/turn                (no ring)
MPRegen 0.09/turn                (no ring)

@: mighty, brilliant
A: fangs 2, regeneration 1, magic shield, antimagic bite, no potion heal 2
a: no special abilities


You were on level 3 of the Dungeon.
You visited 1 branch of the dungeon, and saw 3 of its levels.

You collected 98 gold pieces.

Inventory:

Hand Weapons
 a - a +0 war axe (weapon)
Armour
 b - a +0 scale mail (worn)
 c - a +0 buckler (worn)
 k - a +0 pair of gloves (worn)
 o - a +0 helmet (worn)
Scrolls
 i - 2 scrolls of identify
 j - a scroll of teleportation
 l - 2 scrolls of blinking
 m - a scroll of noise
Potions
 e - 2 potions of lignification {unknown}
 f - 2 potions of invisibility {unknown}
 g - 2 potions of brilliance
 h - a potion of haste {unknown}
 p - 2 potions of heal wounds {unknown}
 q - a potion of mutation {unknown}


   Skills:
 * Level 3.2 Fighting
 * Level 2.6 Axes
 * Level 2.8 Armour
 * Level 3.1 Shields


You had 3 spell levels left.
You didn't know any spells.
Your spell library was empty.

Dungeon Overview and Level Annotations

Branches:
Dungeon (3/15)

Altars:

Annotations:
D:3 Grinder


Innate Abilities, Weirdness & Mutations

You have extremely sharp teeth.
Your natural rate of healing is unusually fast.
When hurt, damage is shared between your health and your magic reserves.
Your bite disrupts and absorbs the magic of your enemies.
Potions cannot restore your health.


Message History

Your surroundings suddenly seem different.
Found 2 scrolls of identify.
i - 2 scrolls of identify A ball python comes into view.
The ball python hisses angrily.
You slash the ball python!
You kill the ball python!
No target in view!
You slash the plant!
The plant begins to die.
The plant is lightly damaged.
You completely miss the plant. You slash the plant! You bite the plant.
You drain its power.
The plant is lightly damaged.
You hit the plant.
The plant begins to die.
You hit the plant. You bite the plant. You drain its power.
The plant is lightly damaged.
You slash the plant!
A nearby plant withers and dies.
Grinder comes into view.
Found a robe.
A nearby plant withers and dies.
Grinder gestures at you.
You suddenly lose the ability to move!
Grinder gestures at you. You resist with significant effort.
Grinder gestures at you. Pain shoots through your body!
You can move again.
Grinder hits you!
You writhe in agony.
You slash Grinder!
Grinder is moderately wounded.
Grinder blinks!
Grinder gestures at you. Pain shoots through your body!
It was a potion of brilliance.
You feel clever all of a sudden.
Grinder says, "Just stop there for a second..."
You feel very mighty all of a sudden. Grinder gestures at you.
Pain shoots through your body!
Ouch! That really hurt!
You die...

*,*,,,,,,,,,,, *##*,*,,,,,,,,,**
########..,,,,,,~~~,,,*<
#........##,*,,~~~~~,,*,
#....[....#,,,,~~∩~~,,*,
#.........#**,,~~~~~,,** ***
#.........# *,,,~~~,,,,, ,,***
#.........# *,,..,,,,,**
,,,,*****#....5.@.####....,,,,,,,
,,*,,,,,,.................,,>***,
*,*******######.##.######*,*,,,*,
*** #..P.# *,*<,,,, ** *#PP..##
*,*,**** ,** ****#.♣.♣..##
*,,,,,,, ,,* **,P..P♣♣♣♣..#
***.#**, *,* **,,PPPP,♣♣...#
*,..,,, *,* *,,,♣♣P.P♣....#
*,.##*,


You could see Grinder.

Vanquished Creatures
  2 adders (D:2)
  3 dart slugs
  4 bats
  2 endoplasms
  4 hobgoblins
  4 quokkas (D:1)
  6 ball pythons
  4 frilled lizards
  6 kobolds
  5 rats
40 creatures vanquished.

Vanquished Creatures (others)
  2 plants (D:3)
2 creatures vanquished.

Grand Total: 42 creatures vanquished

Notes
Turn   | Place    | Note
-------+----------+-------------------------------------------
     0 | D:1      | CrazyBamboolord the Vine Stalker Fighter began the quest
                  | for the Orb.
     0 | D:1      | Reached XP level 1. HP: 11/11 MP: 2/2
    84 | D:1      | Reached XP level 2. HP: 16/16 MP: 3/3
   308 | D:1      | Reached XP level 3. HP: 19/19 MP: 4/4
  1114 | D:2      | Gained mutation: Your natural rate of healing is unusually
                  | fast. [Vine Stalker growth]
  1114 | D:2      | Reached XP level 4. HP: 23/24 MP: 5/5
  1309 | D:3      | Noticed Grinder
  1309 | D:3      | Paralysed by Grinder for 5 turns
  1319 | D:3      | Killed from afar by Grinder

Illustrated notes

Levels and vault maps discovered:
D:1:      spicycebolla_arrival_ecumenical, layout_rooms
D:2:      layout_basic, corexii_corridor_pit, minmay_hedge_maze,
          kennysheep_generic_room_9
D:3:      layout_basic, serial_forest, infiniplex_forest_straight_3,
          infiniplex_forest_straight_4, infiniplex_forest_clump_double,
          infiniplex_forest_pool, infiniplex_forest_clump_tiny,
          infiniplex_forest_lined_room_2, infiniplex_forest_end_2,
          infiniplex_forest_lined_corner, infiniplex_forest_corner_1,
          portal_sewer_entry_a, uniq_grinder, uniq_robin

Skill      XL: |  1  2  3 |
---------------+----------+-----
Axes           | 2 |  2.6
Shields        | 3 |  3.1
Fighting       | 3 |  3.2
Armour         | |  2.8

Action                     |  1- 3 |  4- 6 || total
---------------------------+-------+-------++-------
  Melee: War axe           |    71 |     7 ||    78
         Bite              |    13 |     2 ||    15
    Use: Scroll            |       |     5 ||     5
         Potion            |       |     2 ||     2
 Armour: Scale mail        |    48 |       ||    48
  Dodge: Dodged            |    25 |       ||    25
  Block: Buckler           |    26 |       ||    26

Table legend: (Time is in decaauts)
 A = Elapsed time spent in this place.
 B = Non-inter-level travel time spent in this place.
 C = Inter-level travel time spent in this place.
 D = Time resting spent in this place.
 E = Time spent auto-exploring this place.
 F = Levels seen in this place.
 G = Mean time per level.
                   A        B        C        D        E       F      G
               +--------+--------+--------+--------+--------+-----+--------+
         Total |   1354 |   1296 |     58 |      0 |    991 |   3 |  451.3 |
       Dungeon |   1354 |   1296 |     58 |      0 |    991 |   3 |  451.3 |
               +--------+--------+--------+--------+--------+-----+--------+

Top non-repeatable levels by time:
     D:2: 797 daAuts
     D:1: 514 daAuts
     D:3: 42 daAuts
